 Dungeon Crawl Stone Soup version 0.30-a0-859-gf88a04b62d (webtiles) character file.

Game seed: 2795716640940980446

198 domi the Conjurer (level 5, -4/35 HPs)
             Began as a Demonspawn Conjurer on Mar 6, 2023.
             Slain by Edmund
             ... wielding a +3 flail of holy wrath
              (10 damage)
             ... on level 4 of the Dungeon.
             The game lasted 00:04:23 (3113 turns).

domi the Conjurer (Demonspawn Conjurer)             Turns: 3113, Time: 00:04:23

Health: -4/35      AC:  2    Str:  7    XL:     5   Next: 47%
Magic:  2/8        EV: 12    Int: 23    God:
Gold:   100        SH:  0    Dex: 12    Spells: 2/9 levels left

rFire   . . .      SeeInvis .    i - +2 dagger (drain)
rCold   . . .      Faith    .    (no shield)
rNeg    . . .      Spirit   .    a - +0 robe
rPois   .          Reflect  .    (no helmet)
rElec   .          Rampage  .    (no cloak)
rCorr   .                        (no gloves)
Will    .....                    (no boots)
Stlth   ++                       (no amulet)
HPRegen 0.25/turn                (no ring)
MPRegen 0.11/turn                (no ring)

@: brilliant, attractive, flying
A: big brain 1, weakness stinger 2
a: no special abilities


You were on level 4 of the Dungeon.
You visited 1 branch of the dungeon, and saw 4 of its levels.

You collected 100 gold pieces.

Inventory:

Hand Weapons
 i - a +2 dagger of draining (weapon)
   (You took it off a kobold on level 1 of the Dungeon)
 r - a +1 short sword of draining
   (You took it off an orc on level 3 of the Dungeon)
 s - a +1 short sword of venom
   (You took it off an orc on level 3 of the Dungeon)
Missiles
 g - 6 javelins (quivered)
Armour
 a - a +0 robe (worn)
 m - an orb of energy
   (You found it on level 2 of the Dungeon)
Jewellery
 k - a ring of magical power {MP+9}
   (You found it on level 2 of the Dungeon)
 t - a +4 ring of protection
   (You found it on level 3 of the Dungeon)
Scrolls
 f - 3 scrolls of enchant weapon {unknown}
 h - 2 scrolls of identify {unknown}
 j - a scroll of torment {unknown}
 l - 2 scrolls of noise {unknown}
 n - a scroll of vulnerability {unknown}
Potions
 b - 2 potions of magic
 c - a potion of flight
 d - a potion of brilliance
 e - a potion of heal wounds {unknown}
 o - a potion of degeneration {unknown}
 p - a potion of berserk rage {unknown}
 q - a potion of mutation {unknown}
 u - a potion of lignification {unknown}
 v - a potion of attraction {!q}


   Skills:
 - Level 1.7 Dodging
 - Level 1.7 Stealth
 + Level 2.5 Spellcasting
 + Level 5.8 Conjurations
 + Level 2.6 Evocations


You had 2 spell levels left.
You knew the following spells:

 Your Spells              Type           Power      Damage    Failure   Level
c - Iskenderun's Mystic   Conj/Tloc      24%        2d7       36%         4
x - Searing Ray           Conj           88%        2d7       1%          2
z - Magic Dart            Conj           100%       1d8       1%          1

Your spell library contained the following spells:

 Spells                   Type           Power      Damage    Failure   Level
 Necrotise                Necr           16%        1d4       12%         1
 Cigotuvi's Dreadful Rot  Necr/Pois/Air  8%         N/A       19%         2
 Ensorcelled Hibernation  Hex/Ice        8%         N/A       19%         2
 Poisonous Vapours        Pois/Air       8%         N/A       19%         2
 Scorch                   Fire           8%         2d5       19%         2
 Dazzling Flash           Conj/Hex       48%        N/A       11%         3
 Mephitic Cloud           Conj/Pois/Air  17%        N/A       16%         3
 Spider Form              Tmut/Pois      4%         N/A       36%         3
 Vampiric Draining        Necr           4%         2d6       36%         3
 Flame Wave               Conj/Fire      24%        2d8       36%         4
 Fulminant Prism          Conj/Hex       12%        3d8       36%         4
 Anguish                  Hex/Necr       2%         N/A       77%         4
 Agony                    Necr           4%         N/A       98%         5
 Summon Cactus Giant      Summ           2%         N/A       100%        6


Dungeon Overview and Level Annotations

Branches:
Dungeon (4/15)
 Temple: D:4-7

Altars:

Annotations:
D:3 1 runed translucent door, Firecrotchwizard's ghost, amateur HOMo
D:4 Edmund


Innate Abilities, Weirdness & Mutations

You have an unusually large brain. (Int +2)
You have a tail ending in a sharp stinger.


Message History

An orc is nearby!
An orc is nearby!
Aim: an orc, wielding a +0 club and wearing a +0 leather armour (asleep, 100% to hit)
The magic dart hits the orc but does no damage.
The orc shouts!
Aim: an orc, wielding a +0 club and wearing a +0 leather armour (100% to hit)
The magic dart hits the orc but does no damage.
Aim: an orc, wielding a +0 club and wearing a +0 leather armour (100% to hit)
The magic dart hits the orc.
Aim: an orc, wielding a +0 club and wearing a +0 leather armour (almost dead, 100% to hit)
The magic dart hits the orc.
You kill the orc!
You can't see any susceptible monsters within range! (Use Z to cast anyway.)
b - 2 potions of magic (gained 1)
You now have 92 gold pieces (gained 13).
You now have 100 gold pieces (gained 8).
h - 2 scrolls labelled SICUOLACEW (gained 1)
You open the door.
There is an open door here.
A ball python comes into view.
A ball python is nearby!
A ball python is nearby!
A ball python is nearby!
Aim: a ball python (asleep, 100% to hit)
The magic dart hits the ball python.
You kill the ball python!
You can't see any susceptible monsters within range! (Use Z to cast anyway.)
You can't see any susceptible monsters within range! (Use Z to cast anyway.)
An ogre and an endoplasm come into view.
The ogre shouts!
The endoplasm quivers.
There are monsters nearby!
There are monsters nearby!
There are monsters nearby!
Aim: an endoplasm (100% to hit)
Okay, then.
Aim: an endoplasm (100% to hit)
The magic dart hits the endoplasm.
Aim: an endoplasm (heavily wounded, 100% to hit)
The magic dart hits the endoplasm.
The endoplasm freezes you.
You are frozen.
Aim: an endoplasm (severely wounded, 100% to hit)
The magic dart hits the endoplasm.
You kill the endoplasm!
Aim: an ogre, wielding a +0 giant spiked club (90% to hit)
The searing ray hits the ogre. (Press . to maintain the ray.)
The searing ray hits the ogre.
The searing ray hits the ogre.
The ogre misses you.
Without enough magic to sustain it, your searing ray dissipates.
Unknown command.
You hit the ogre. The ogre barely misses you.
You barely miss the ogre. The ogre closely misses you.
You hit the ogre. You drain the ogre. You hit the ogre.
You kill the ogre!
You have reached level 5!
Your demonic ancestry asserts itself...
Your tail grows a sharp stinger.
You start resting.
You see here a +0 giant spiked club.
l - 2 scrolls labelled LAEDGH ELIE (gained 1)
You see here a +0 giant spiked club.
There is an open door here.
Edmund the Younger comes into view.
He is wielding a +3 flail of holy wrath.
Edmund shouts!
Aim: Edmund, wielding a +3 flail of holy wrath and wearing a +0 scale mail (100% to hit)
The magic dart hits Edmund.
Edmund says, "A flail is better than a scythe, any day of the week!"
You can't see any susceptible monsters within range! (Use Z to cast anyway.) Unknown command.
Unknown command.
Aim: Edmund, wielding a +3 flail of holy wrath and wearing a +0 scale mail (lightly wounded, 100% to hit)
The magic dart hits Edmund.
Aim: Edmund, wielding a +3 flail of holy wrath and wearing a +0 scale mail (lightly wounded, 82% to hit)
The searing ray misses Edmund. (Press . to maintain the ray.)
The searing ray hits Edmund.
The searing ray hits Edmund but does no damage.
The searing ray hits Edmund.
You finish channelling your searing ray.
Edmund hits you with a +3 flail of holy wrath!
You convulse!
Edmund says, "I'm quite good with sums, too."
Edmund hits you with a +3 flail of holy wrath.
You convulse!
* * * LOW HITPOINT WARNING * * *
Unknown command.
It was a potion of attraction.
You feel attractive to monsters. Edmund closely misses you.
It was a potion of flight.
You feel very buoyant.
You fly up into the air.
Edmund barely misses you.
It was a potion of brilliance.
You feel clever all of a sudden.
Edmund asks, "Have you met my wondrous brother?"
Edmund hits you with a +3 flail of holy wrath!
You die...

. ### . ..##. #...
#..# #..# #.#####..#
......@@.##
..######..## #...#
#################.##
+.##..#..#..#..'...#
##..##...##.##.##...#
#....##..#..#..#...##
##.....##...##.##...#
#.......##..#..#...##


You could see Edmund.

Vanquished Creatures
  An ogre (D:4)
  An orc wizard (D:3)
  2 adders (D:2)
  An ufetubus (D:2)
  A worm (D:2)
  2 dart slugs (D:1)
  4 orcs
  3 bats
  5 endoplasms
  2 giant cockroaches
  6 goblins
  2 hobgoblins
  6 kobolds
  4 quokkas
  5 ball pythons
  2 frilled lizards
  4 rats
51 creatures vanquished.

Notes
Turn   | Place    | Note
-------+----------+-------------------------------------------
     0 | D:1      | domi the Demonspawn Conjurer began the quest for the Orb.
     0 | D:1      | Reached XP level 1. HP: 13/13 MP: 3/3
   319 | D:1      | Gained mutation: You have a small tail. [demonic ancestry]
   319 | D:1      | Reached XP level 2. HP: 19/19 MP: 3/5
   322 | D:1      | Learned a level 2 spell: Searing Ray
  1305 | D:2      | Reached skill level 5 in Conjurations
  1360 | D:2      | Gained mutation: You have an unusually large brain. (Int
                  | +2) [demonic ancestry]
  1360 | D:2      | Reached XP level 3. HP: 24/24 MP: 2/6
  1866 | D:2      | Reached skill level 1 in Evocations
  2294 | D:3      | Reached XP level 4. HP: 30/30 MP: 4/7
  2359 | D:3      | Found a runed translucent door.
  2577 | D:3      | Noticed Firecrotchwizard's ghost (amateur HOMo)
  2676 | D:3      | Reached skill level 2 in Evocations
  2867 | D:4      | Learned a level 4 spell: Iskenderun's Mystic Blast
  3002 | D:4      | Noticed an ogre
  3013 | D:4      | Killed an ogre
  3014 | D:4      | Gained mutation: You have a tail ending in a sharp stinger.
                  | [demonic ancestry]
  3014 | D:4      | Reached XP level 5. HP: 34/35 MP: 1/8
  3103 | D:4      | Noticed Edmund
  3110 | D:4      | HP: 6/35 [Edmund/+3 flail of holy wrath (8)]
  3113 | D:4      | Slain by Edmund

Illustrated notes

Levels and vault maps discovered:
D:1:      dpeg_arrival_radiant, layout_loops_ring, minmay_pentomino_v4
D:2:      layout_basic
D:3:      layout_rooms, ebering_ghost_reflecting_pool, minmay_stone_trees_small,
          nicolae_titane
D:4:      minmay_razor_zed, layout_loops_ring, minmay_close_crescents,
          uniq_edmund

Skill      XL: |  1  2  3  4 |
---------------+-------------+-----
Conjurations   | 5 |  5.8
Evocations     | 1 2 |  2.6
Dodging        | |  1.7
Stealth        | |  1.7
Spellcasting   | |  2.5

Action                     |  1- 3 |  4- 6 || total
---------------------------+-------+-------++-------
  Melee: Unarmed           |     5 |       ||     5
         Dagger            |       |     5 ||     5
  Throw: Javelin           |       |     1 ||     1
   Cast: Magic Dart        |    72 |    26 ||    98
         Searing Ray       |     1 |     3 ||     4
    Use: Potion            |       |     3 ||     3
   Stab: Sleeping          |       |     1 ||     1
  Dodge: Dodged            |     8 |     5 ||    13

Table legend: (Time is in decaauts)
 A = Elapsed time spent in this place.
 B = Non-inter-level travel time spent in this place.
 C = Inter-level travel time spent in this place.
 D = Time resting spent in this place.
 E = Time spent auto-exploring this place.
 F = Levels seen in this place.
 G = Mean time per level.
                   A        B        C        D        E       F      G
               +--------+--------+--------+--------+--------+-----+--------+
         Total |   3112 |   3016 |     96 |    382 |   2375 |   4 |  778.0 |
       Dungeon |   3112 |   3016 |     96 |    382 |   2375 |   4 |  778.0 |
               +--------+--------+--------+--------+--------+-----+--------+

Top non-repeatable levels by time:
     D:1: 1153 daAuts
     D:2: 1069 daAuts
     D:3: 637 daAuts
     D:4: 251 daAuts

Table legend:
 A = Kills in this place as a percentage of kills in the entire game.
 B = Kills by you in this place as a percentage of kills by you in the entire game.
 C = Kills by friends in this place as a percentage of kills by friends in the entire game.
 D = Other kills in this place as a percentage of other kills in the entire game.
 E = Experience gained in this place as a percentage of experience gained in the entire game.
 F = Experience gained in this place divided by the number of levels of this place that you have seen.
                   A       B       C       D       E      F
               +-------+-------+-------+-------+-------+----------------------
         Total | 100.0 | 100.0 |   N/A |   N/A | 100.0 |  71.0
       Dungeon | 100.0 | 100.0 |   N/A |   N/A | 100.0 |  71.0
               +-------+-------+-------+-------+-------+----------------------
